 Dungeon Crawl Stone Soup version 0.27.0-1-g7a089689b8 (webtiles) character file.

Game seed: 917498309958979928

216 BOMJPIETVODKU the Digger (level 5, 0/38 HPs)
             Began as a Gnoll Earth Elementalist on Aug 3, 2021.
             Slain by a sky beast (5 damage)
             ... on level 3 of the Dungeon.
             The game lasted 00:09:44 (2816 turns).

BOMJPIETVODKU the Digger (Gnoll Earth Elementalist) Turns: 2816, Time: 00:09:45

Health: 0/38       AC:  2    Str:  7    XL:     5   Next: 93%
Magic:  6/12       EV: 13    Int: 16    God:
Gold:   101        SH:  0    Dex: 12    Spells: 11/14 levels left

rFire    . . .     SeeInvis .   k - +0 short sword
rCold    . . .     Faith    .   (no shield)
rNeg     . . .     Spirit   .   b - +0 robe
rPois    .         Reflect  .   (no helmet)
rElec    .         Harm     .   (no cloak)
rCorr    .         Rampage  .   (no gloves)
Will     .....                  (no boots)
Stlth    +++.......             (no amulet)
HPRegen  0.12/turn              (no ring)
MPRegen  0.13/turn              (no ring)

@: no status effects
A: fangs 1, strong nose, distributed training
a: no special abilities


You were on level 3 of the Dungeon.
You visited 1 branch of the dungeon, and saw 3 of its levels.

You collected 101 gold pieces.

Inventory:

Hand Weapons
 a - a +0 dagger
 k - a +0 short sword (weapon)
Armour
 b - a +0 robe (worn)
Scrolls
 c - a scroll of fear {unknown}
 d - a scroll of enchant weapon {unknown}
 e - a scroll of noise {unknown}
 f - a scroll of vulnerability {unknown}
 h - a scroll of acquirement {unknown}
 l - a scroll of identify {unknown}
Potions
 g - a potion of might {unknown}
 m - a potion of cancellation {unknown}


   Skills:
 + Level 1.7 Fighting
 + Level 1.7 Short Blades
 + Level 1.7 Long Blades
 + Level 1.7 Axes
 + Level 1.7 Maces & Flails
 + Level 1.7 Polearms
 + Level 1.7 Staves
 + Level 1.7 Slings
 + Level 1.7 Bows
 + Level 1.7 Crossbows
 + Level 1.7 Throwing
 + Level 1.7 Armour
 + Level 4.9 Dodging
 + Level 4.5 Stealth
 + Level 1.7 Shields
 + Level 1.7 Unarmed Combat
 + Level 5.2 Spellcasting
 + Level 1.3 Conjurations
 + Level 1.3 Hexes
 + Level 1.3 Summonings
 + Level 1.3 Necromancy
 + Level 1.3 Translocations
 + Level 2.5 Transmutations
 + Level 1.3 Fire Magic
 + Level 1.3 Ice Magic
 + Level 1.3 Air Magic
 + Level 5.6 Earth Magic
 + Level 1.3 Poison Magic
 + Level 1.9 Invocations
 + Level 1.7 Evocations


You had 11 spell levels left.
You knew the following spells:

 Your Spells              Type           Power      Damage    Failure   Level
a - Sandblast             Erth           44%        2d11      1%          1
b - Passwall              Tmut/Erth      14%        N/A       4%          2

Your spell library contained the following spells:

 Spells                   Type           Power      Damage    Failure   Level
 Freeze                   Ice            32%        1d5       9%          1
 Stone Arrow              Conj/Erth      30%        3d8       11%         3
 Frozen Ramparts          Ice            16%        1d3       26%         3
 Petrify                  Tmut/Erth      17%        N/A       28%         4
 Hailstorm                Conj/Ice       8%         3d4       63%         4


Dungeon Overview and Level Annotations

Branches:
Dungeon (3/15)

Altars:


Innate Abilities, Weirdness & Mutations

You have very sharp teeth.
Your uncanny sense of smell can sniff out nearby items.
Your experience applies equally to all skills.


Message History

The blast of sand hits Natasha.
Natasha is severely wounded.
Natasha claws you.
You miscast Sandblast.
You are very lightly contaminated with residual magic.
Nothing appears to happen.
Natasha claws you.
The blast of sand hits Natasha!
You kill Natasha!
Natasha screams in fury as she dies!
A sky beast comes into view.
Your magical contamination has completely faded away.
The blast of sand hits the sky beast!
The sky beast is moderately wounded.
The blast of sand misses the sky beast.
The blast of sand hits the sky beast.
The sky beast is heavily wounded.
The sky beast closely misses you.
The blast of sand hits the sky beast!
The sky beast is almost dead.
You now have no stones remaining.
The sky beast hits you. The sky beast shocks you.
You are too injured to fight recklessly!
You are too injured to fight recklessly!
You are too injured to fight recklessly!
You are too injured to fight recklessly!
You don't have any stones to cast with.
You don't have any stones to cast with.
You feel better. The sky beast hits you. The sky beast shocks you.
You barely miss the sky beast.
The sky beast is almost dead.
The sky beast flickers out of sight!
Deactivating autopickup; reactivate with Ctrl-A.
Something hits you. Something shocks you.
* * * LOW HITPOINT WARNING * * *
You barely miss something.
A sky beast appears from thin air!
Reactivating autopickup.
The sky beast hits you.
* * * LOW HITPOINT WARNING * * *
The sky beast shocks you.
You die...

.# ############# #..
........##... ...
.#...<...## #.#
.###.#.##.## #.##.#
#..##... ### #...#
##.##.## .....###.##.#
##..##.# ......Y@.#
#.###...##.##
####.###.####)#.##.##[..
#..........#†#####
.......#######.#......
##.###.# #........ #
#.#######.#.###..
#........†..# #..
#.#######.### ### #.#
#.# #


You could see a sky beast.

Vanquished Creatures
  A phantom (D:3)
  Natasha (twice) (D:3)
  3 adders
  A worm (D:2)
  3 dart slugs
  4 bats
  6 endoplasms
  2 giant cockroaches (D:1)
  4 goblins
  6 hobgoblins
  A jackal (D:1)
  5 quokkas
  3 ball pythons (D:1)
  6 frilled lizards
  8 kobolds
  3 rats (D:1)
58 creatures vanquished.

Notes
Turn   | Place    | Note
-------+----------+-------------------------------------------
     0 | D:1      | BOMJPIETVODKU the Gnoll Earth Elementalist began the quest
                  | for the Orb.
     0 | D:1      | Reached XP level 1. HP: 13/13 MP: 6/6
   143 | D:1      | Reached XP level 2. HP: 19/19 MP: 2/7
   655 | D:1      | Reached XP level 3. HP: 25/25 MP: 6/9
   710 | D:1      | Reached skill level 5 in Spellcasting
  1400 | D:2      | Reached skill level 1 in Invocations
  1722 | D:2      | Reached skill level 1 in Fighting
  1722 | D:2      | Reached skill level 1 in Short Blades
  1722 | D:2      | Reached skill level 1 in Long Blades
  1722 | D:2      | Reached skill level 1 in Axes
  1722 | D:2      | Reached skill level 1 in Maces & Flails
  1722 | D:2      | Reached skill level 1 in Polearms
  1722 | D:2      | Reached skill level 1 in Staves
  1722 | D:2      | Reached skill level 1 in Slings
  1722 | D:2      | Reached skill level 1 in Bows
  1722 | D:2      | Reached skill level 1 in Crossbows
  1722 | D:2      | Reached skill level 1 in Throwing
  1722 | D:2      | Reached skill level 1 in Armour
  1722 | D:2      | Reached skill level 1 in Shields
  1722 | D:2      | Reached skill level 1 in Unarmed Combat
  1722 | D:2      | Reached skill level 1 in Evocations
  1813 | D:2      | Reached XP level 4. HP: 30/32 MP: 9/11
  2444 | D:3      | Learned a level 2 spell: Passwall
  2457 | D:3      | Noticed a phantom
  2469 | D:3      | Killed a phantom
  2470 | D:3      | Reached skill level 1 in Conjurations
  2470 | D:3      | Reached skill level 1 in Hexes
  2470 | D:3      | Reached skill level 1 in Summonings
  2470 | D:3      | Reached skill level 1 in Necromancy
  2470 | D:3      | Reached skill level 1 in Translocations
  2470 | D:3      | Reached skill level 1 in Fire Magic
  2470 | D:3      | Reached skill level 1 in Ice Magic
  2470 | D:3      | Reached skill level 1 in Air Magic
  2470 | D:3      | Reached skill level 1 in Poison Magic
  2470 | D:3      | Reached XP level 5. HP: 26/37 MP: 2/12
  2772 | D:3      | Noticed Natasha
  2775 | D:3      | Killed Natasha
  2798 | D:3      | Noticed Natasha
  2804 | D:3      | Killed Natasha
  2808 | D:3      | Noticed a sky beast
  2816 | D:3      | Slain by a sky beast

Illustrated notes

Levels and vault maps discovered:
D:1:      lightli_arrival_farm, layout_basic, minmay_close_crescents
D:2:      layout_loops_cross
D:3:      layout_loops_ring, nzn_hepliaklqana_mist_gate, uniq_natasha

Skill      XL: |  1  2  3  4 |
---------------+-------------+-----
Transmutations | 2 |  2.5
Spellcasting   | 5 |  5.2
Invocations    | 1 |  1.9
Fighting       | 1 |  1.7
Short Blades   | 1 |  1.7
Long Blades    | 1 |  1.7
Axes           | 1 |  1.7
Maces & Flails | 1 |  1.7
Polearms       | 1 |  1.7
Staves         | 1 |  1.7
Slings         | 1 |  1.7
Bows           | 1 |  1.7
Crossbows      | 1 |  1.7
Throwing       | 1 |  1.7
Armour         | 1 |  1.7
Shields        | 1 |  1.7
Unarmed Combat | 1 |  1.7
Evocations     | 1 |  1.7
Conjurations   | 1 |  1.3
Hexes          | 1 |  1.3
Summonings     | 1 |  1.3
Necromancy     | 1 |  1.3
Translocations | 1 |  1.3
Fire Magic     | 1 |  1.3
Ice Magic      | 1 |  1.3
Air Magic      | 1 |  1.3
Poison Magic   | 1 |  1.3
Dodging        | |  4.9
Stealth        | |  4.5
Earth Magic    | |  5.6

Action                   |  1- 3 |  4- 6 || total
-------------------------+-------+-------++-------
Melee: Unarmed           |     8 |       ||     8
       Dagger            |    44 |       ||    44
       Bite              |     2 |     2 ||     4
       Short sword       |       |    19 ||    19
 Cast: Sandblast         |    39 |    28 ||    67
  Use: Potion            |       |     2 ||     2
 Stab: Sleeping          |     5 |     1 ||     6
Armor: Robe              |    10 |     3 ||    13
Dodge: Dodged            |    31 |    15 ||    46
